Workbook

Sheet INFORM. ATESTADOS
A1: OBJETO LICITAÇÃO | B1: XXXX
A2: CONCORRÊNCIA | B2: XXXXX
A3: EDITAL DE LICITAÇÃO | B3: XXXX
A4: PROCESSO ADMINISTRATIVO | B4: XXXXX
A5: INFORMAÇÕES DOS ATESTADOS
D6: CONTRATANTE | E6: Prefeitura Municipal xxxxxx | F6: Prefeitura Municipal xxxxxx | G6: Prefeitura Municipal xxxxxx | H6: Prefeitura Municipal xxxxxx | I6: Prefeitura Municipal xxxxxx
D7: CAT: | E7: CAT n° xxxxx | F7: CAT n° xxxxx | G7: CAT n° xxxxx | H7: CAT n° xxxxx | I7: CAT n° xxxxx
D8: CAO: | E8: CAO n° xxxxx | F8: CAO n° xxxxx | G8: CAO n° xxxxx | H8: CAO n° xxxxx | I8: CAO n° xxxxx
A9: INSUMO/SERVIÇO | B9: UNIDADE | C9: ITEM | D9: PAG. | E9: QUANTIDADES | F9: QUANTIDADES | G9: QUANTIDADES | H9: QUANTIDADES | I9: QUANTIDADES
A10: SERVIÇO DE XXXXX | B10: M | C10: 1.0.XX | D10: Pag. Xx | E10: xxxx | F10: xxxx | G10: xxxx | H10: xxxx | I10: xxxx
A11: EXECUÇÃO DE XXXXX | B11: M2 | C11: 2.X | D11: Pag. Xx | E11: xxxx | F11: xxxx | G11: xxxx | H11: xxxx | I11: xxxx
A12: EXECUÇÃO DO SERVIÇO XXXX | B12: M3 | C12: 3.X.X | D12: Pag. Xx | E12: xxxx | F12: xxxx | G12: xxxx | H12: xxxx | I12: xxxx

Sheet QUANT. ATESTADOS
A3: Item na planilha | B3: Descrição | C3: Unidade | D3: Quantidade Contratual | E3: Quantidade Exigida
A4: 5.01 | B4: ALVENARIA DE VEDAÇÃO DE BLOCOS CERÂMICOS FURADOS NA HORIZONTAL DE 9X19X19 CM (ESPESSURA 9 CM) E ARGAMASSA DE ASSENTAMENTO COM PREPARO EM BETONEIRA. AF_12/2021 | C4: M2 | D4: 1461.24 | E4: =D4/2 -> 730.62
A5: 4.01.04 | B5: FABRICAÇÃO DE FÔRMA PARA PILARES E ESTRUTURAS SIMILARES, EM CHAPA DE MADEIRA COMPENSADA RESINADA, E = 17 MM. AF_09/2020 | C5: M2 | D5: 652.8 | E5: =D5/2 -> 326.4
A6: 5.03 | B6: MASSA ÚNICA, PARA RECEBIMENTO DE PINTURA, EM ARGAMASSA TRAÇO 1:2:8, PREPARO MECÂNICO COM BETONEIRA 400L, APLICADA MANUALMENTE EM FACES INTERNAS DE PAREDES, ESPESSURA DE 20MM, COM EXECUÇÃO DE TALISCAS. AF_06/2014 | C6: M2 | D6: 3206.05 | E6: =D6/2 -> 1603.025
A7: 10.02 | B7: TELHAMENTO COM TELHA METÁLICA TERMOACÚSTICA E = 30 MM, COM ATÉ 2 ÁGUAS, INCLUSO IÇAMENTO. AF_07/2019 | C7: M2 | D7: 469.78 | E7: =D7/2 -> 234.89

Sheet BDI
B1: VERIFICAÇÃO DO BDI - ACÓRDÃO 2.622/2013 Rev 02
B4: DADOS INICIAIS
B6: TIPO DE OBRA: | C6: Construção de edificios
B8: ENQUADRAMENTO NA DESONERAÇÃO CONFORME LEI N° 12.844/2013:* | F8: NÃO | K8: =IF(F8="","PREENCHER SE A OBRA POSSUI FOLHA DE PAGAMENTO DESONERADA","")
B9: *Uso de encargos sociais desonerados na elaboração do orçamento
B11: ENQUADRAM-SE NO TIPO SELECIONADO:
B12: =IF(C6="","",VLOOKUP(BU295,BV257:BW262,2,0)) -> A construção e reforma de: edifícios, unidades habitacionais, escolas, hospitais, hotéis, restaurantes, armazéns e depósitos, edifícios para uso agropecuário, estações para trens e metropolitanos, estádios esportivos e quadras cobertas, instalações para embarque e desembarque de passageiros (em aeroportos, rodoviárias, portos, etc.), penitenciárias e presídios, a construção de edifícios industriais (fábricas, oficinas, galpões industriais, etc.), conforme classificação 4120-4 do CNAE 2.0. Também enquadram-se pórticos, mirantes e outros edifícios de finalidade turística.
B14: CÁLCULO DOS IMPOSTOS
B16: TRIBUTOS (impostos COFINS 3%, e PIS 0,65%) | D16: 0.0365
B18: ISS BRUTO % (LEI MUNICIPAL): | D18: % INCIDÊNCIA (M.OBRA)*
B19: 0.05 | D19: 1
D20: ,
B21: ISS LÍQUIDO | C21: =+B19*D19 -> 0.05
D23: TOTAL IMPOSTOS | F23: =D16+C21 -> 0.0865
B25: *Incidência do total do contrato que representa mão de obra para compor a base de cálculo conf. legislação municipal.
B29: VERFICAÇÃO E CÁLCULO DO BDI
B31: ITEM COMPONENTE | C31: 1º QUARTIL | D31: MÉDIO | E31: 3º QUARTIL | F31: Adotado | I31: Cálculo arredondado
B32: Administração Central | C32: =BV296 -> 0.03 | D32: =BW296 -> 0.04 | E32: =BX296 -> 0.055 | F32: 0.035 | I32: =TRUNC(F32,4) -> 0.035 | K32: =IF(F32<>"",IF(OR(F32>E32,F32<C32),"CORRIGIR % ADOTADO",""),"")
B33: Seguro e Garantia | C33: =BV297 -> 0.008 | D33: =BW297 -> 0.008 | E33: =BX297 -> 0.01 | F33: 0.008 | I33: =TRUNC(F33,4) -> 0.008 | K33: =IF(F33<>"",IF(OR(F33>E33,F33<C33),"CORRIGIR % ADOTADO",""),"")
B34: Risco | C34: =BV298 -> 0.0097 | D34: =BW298 -> 0.0127 | E34: =BX298 -> 0.0127 | F34: 0.011 | I34: =TRUNC(F34,4) -> 0.011 | K34: =IF(F34<>"",IF(OR(F34>E34,F34<C34),"CORRIGIR % ADOTADO",""),"")
B35: Despesas Financeiras | C35: =BV299 -> 0.0059 | D35: =BW299 -> 0.0123 | E35: =BX299 -> 0.0139 | F35: 0.011 | I35: =TRUNC(F35,4) -> 0.011 | K35: =IF(F35<>"",IF(OR(F35>E35,F35<C35),"CORRIGIR % ADOTADO",""),"")
B36: Lucro | C36: =BV300 -> 0.0616 | D36: =BW300 -> 0.074 | E36: =BX300 -> 0.0896 | F36: 0.07 | I36: =TRUNC(F36,4) -> 0.07 | K36: =IF(F36<>"",IF(OR(F36>E36,F36<C36),"CORRIGIR % ADOTADO",""),"")
B38: Impostos | F38: =F23 -> 0.0865 | I38: =TRUNC(F38,5) -> 0.0865
B45: BDI CALCULADO | E45: =ROUND((((1+I32+I33+I34)*(1+I35)*(1+I36))/(1-I38))-1,4) -> 0.2482 | K45: =IF(F8="SIM","PARA SIMPLES CONFERÊNCIA","")
B47: =IF(E45<C50,"ERRO - BDI INFERIOR AO 1º QUARTIL",IF(E45>E50,"ERRO - BDI SUPERIOR AO 3º QUARTIL","BDI CONFORME")) -> BDI CONFORME
C49: 1º QUARTIL | D49: MÉDIO | E49: 3º QUARTIL
B50: LIMITES DO BDI | C50: =BV295 -> 0.2034 | D50: =BW295 -> 0.2212 | E50: =BX295 -> 0.25
B52: CORREÇÃO DA DESONERAÇÃO
B54: BDI CALCULADO C/ DESONERAÇÃO: | E54: =ROUND((((1+I32+I33+I34)*(1+I35)*(1+I36))/(1-I56))-1,4) -> 0.3128 | K54: =IF(F8="SIM","UTILIZAR BDI C/ DESONERAÇÃO","")
B56: Contribuição Previdenciária sobre a Receita Bruta (CPRB) | C56: 0.045 | D56: TOTAL IMPOSTOS | F56: =+F23+C56 -> 0.1315 | I56: =TRUNC(F56,5) -> 0.1315
BT255: BANCO DE DADOS
BU256: TIPO DE OBRA | BV256: CÓDIGO | BW256: ENQUARAMENTO
BT257: 100 | BU257: Construção de edificios | BV257: =+BT257 -> 100 | BW257: A construção e reforma de: edifícios, unidades habitacionais, escolas, hospitais, hotéis, restaurantes, armazéns e depósitos, edifícios para uso agropecuário, estações para trens e metropolitanos, estádios esportivos e quadras cobertas, instalações para embarque e desembarque de passageiros (em aeroportos, rodoviárias, portos, etc.), penitenciárias e presídios, a construção de edifícios industriais (fábricas, oficinas, galpões industriais, etc.), conforme classificação 4120-4 do CNAE 2.0. Também enquadram-se pórticos, mirantes e outros edifícios de finalidade turística.
BT258: 200 | BU258: Construção de rodovias e ferrovias | BV258: =+BT258 -> 200 | BW258: A construção e recuperação de: auto-estradas, rodovias e outras vias não-urbanas para passagem de veículos, vias férreas de superfície ou subterrâneas (inclusive para metropolitanos), pistas de aeroportos. Esta classe compreende também: a pavimentação de auto-estradas, rodovias e outras vias não-urbanas; construção de pontes, viadutos e túneis; a instalação de barreiras acústicas; a construção de praças de pedágio; a sinalização com pintura em rodovias e aeroportos; a instalação de placas de sinalização de tráfego e semelhantes, conforme classificação 4211-1 do CNAE 2.0. Também enquadram-se a construção, pavimentação e sinalização de vias urbanas, ruas e locais para estacionamento de veículos; a construção de praças e calçadas para pedestres; elevados, passarelas e ciclovias; metrô e VLT.
BT259: 300 | BU259: Construção de Redes de Abastecimento de Água, Coleta de Esgoto e Construções Correlatas | BV259: =+BT259 -> 300 | BW259: A construção de sistemas para o abastecimento de água tratada: reservatórios de distribuição, estações elevatórias de bombeamento, linhas principais de adução de longa e média distância e redes de distribuição de água; a construção de redes de coleta de esgoto, inclusive de interceptores, estações de tratamento de esgoto (ETE), estações de bombeamento de esgoto (EBE); a construção de galerias pluviais (obras de micro e macro drenagem). Esta classe compreende também: as obras de irrigação (canais); a manutenção de redes de abastecimento de água tratada; a manutenção de redes de coleta e de sistemas de tratamento de esgoto, conforme classificação 4222-7 do CNAE 2.0. Enquadra-se ainda a construção de estações de tratamento de água (ETA).
BT260: 400 | BU260: Construção e Manutenção de Estações e Redes de Distribuição de Energia Elétrica | BV260: =+BT260 -> 400 | BW260: A construção de usinas, estações e subestações hidrelétricas, eólicas, nucleares, termoelétricas; a construção de redes de transmissão e distribuição de energia elétrica, inclusive o serviço de eletrificação rural. Esta subclasse compreende também: a construção de redes de eletrificação para ferrovias e metropolitano, conforme classificação 4221-9/02 do CNAE 2.0. Compreende ainda: a manutenção de redes de distribuição de energia elétrica, quando executada por empresa não-produtora ou distribuidora de energia elétrica, conforme classificação 4221-9/03 do CNAE 2.0. Enquadram-se também obras de iluminação pública e a construção de barragens e represas para geração de energia elétrica.
BT261: 500 | BU261: Portuárias, Marítimas e Fluviais | BV261: =+BT261 -> 500 | BW261: As obras marítimas e fluviais, tais como, construção de instalações portuárias; construção de portos e marinas; construção de eclusas e canais de navegação (vias navegáveis); enrocamentos; obras de dragagem; aterro hidráulico; barragens, represas e diques, exceto para energia elétrica; a construção de emissários submarinos; a instalação de cabos submarinos, conforme classificação 4291-0 do CNAE 2.0. Enquadram-se também a construção de piers e outras obras com influência direta de cursos d’água.
BT262: 600 | BU262: Fornecimento de Materiais e Equipamentos | BV262: =+BT262 -> 600 | BW262: O fornecimento de materiais e equipamentos relevantes de natureza específica, como é o caso de: materiais betuminosos para obras rodoviárias,tubos de ferro fundido ou PVC para obras de abastecimento de água,elevadores e escadas rolantes para obras aeroportuárias. Os materiais e equipamentos devem compor itens próprios na planilha orçamentária, apartados de sua instalação, assentamento ou produção, p. ex., conjunto motor-bomba, tubulação de ferro fundido e material betuminoso, respectivamente. A adoção de taxa de BDI reduzida somente se justifica no caso de ficarem satisfeitas cumulativamente as seguintes condições: fornecimento de materiais e equipamentos que possam ser contratados diretamente do fabricante ou de fornecedor com especialidade própria e diversa da contratada principal;que se constitua mera intermediação entre a construtora e o fabricante; que a intermediação para fornecimento de equipamentos seja atividade residual da construtora.
CF265: PIS | CG265: CONFINS | CH265: BASE DE CÁLCULO
CE266: LUCRO PRESUMIDO | CF266: 0.0065 | CG266: 0.03 | CH266: RECEITA BRUTA (VALOR DA NOTA) | CI266: =(#REF!+#REF!)+C21 -> #REF!
CF267: 0.0165 | CG267: 0.076 | CH267: VALOR DA NOTA - RECUPERAÇÃO DE CRÉDITO (AQUISIÇÃO DE INSUMOS) | CI267: =(#REF!+#REF!)*#REF!+C21 -> #REF!
CD271: =BT257 -> 100 | CE271: =BU257 -> Construção de edificios
CD272: =+CD271+1 -> 101 | CE272: Administração Central | CF272: 0.03 | CG272: 0.04 | CH272: 0.055
CD273: =+CD272+1 -> 102 | CE273: Seguro e Garantia | CF273: 0.008 | CG273: 0.008 | CH273: 0.01
CD274: =+CD273+1 -> 103 | CE274: Risco | CF274: 0.0097 | CG274: 0.0127 | CH274: 0.0127
CD275: =+CD274+1 -> 104 | CE275: Despesas Financeiras | CF275: 0.0059 | CG275: 0.0123 | CH275: 0.0139
CD276: =+CD275+1 -> 105 | CE276: Lucro | CF276: 0.0616 | CG276: 0.074 | CH276: 0.0896
CD279: =BT258 -> 200 | CE279: =BU258 -> Construção de rodovias e ferrovias
CD280: =+CD279+1 -> 201 | CE280: Administração Central | CF280: 0.038 | CG280: 0.0401 | CH280: 0.0467
CD281: =+CD280+1 -> 202 | CE281: Seguro e Garantia | CF281: 0.0032 | CG281: 0.004 | CH281: 0.0074
CD282: =+CD281+1 -> 203 | CE282: Risco | CF282: 0.005 | CG282: 0.0056 | CH282: 0.0097
CD283: =+CD282+1 -> 204 | CE283: Despesas Financeiras | CF283: 0.0102 | CG283: 0.0111 | CH283: 0.0121
CD284: =+CD283+1 -> 205 | CE284: Lucro | CF284: 0.0664 | CG284: 0.073 | CH284: 0.0869
CD287: =BT259 -> 300 | CE287: =BU259 -> Construção de Redes de Abastecimento de Água, Coleta de Esgoto e Construções Correlatas
CD288: =+CD287+1 -> 301 | CE288: Administração Central | CF288: 0.0343 | CG288: 0.0493 | CH288: 0.0671
CD289: =+CD288+1 -> 302 | CE289: Seguro e Garantia | CF289: 0.0028 | CG289: 0.0049 | CH289: 0.0075
CD290: =+CD289+1 -> 303 | CE290: Risco | CF290: 0.01 | CG290: 0.0139 | CH290: 0.0174
CD291: =+CD290+1 -> 304 | CE291: Despesas Financeiras | CF291: 0.0094 | CG291: 0.0099 | CH291: 0.0117
CD292: =+CD291+1 -> 305 | CE292: Lucro | CF292: 0.0674 | CG292: 0.0804 | CH292: 0.094
BU294: Código da pesquisa | BV294: 1º Quartil | BW294: Médio | BX294: 3º Quartil | CD294: =BT260 -> 400 | CE294: =BU260 -> Construção e Manutenção de Estações e Redes de Distribuição de Energia Elétrica
BT295: BDI | BU295: =VLOOKUP(C6,BU257:BV262,2,0) -> 100 | BV295: =VLOOKUP($BU295,$BT$306:$BX$311,3,0) -> 0.2034 | BW295: =VLOOKUP($BU295,$BT$306:$BX$311,4,0) -> 0.2212 | BX295: =VLOOKUP($BU295,$BT$306:$BX$311,5,0) -> 0.25 | CD295: =+CD294+1 -> 401 | CE295: Administração Central | CF295: 0.0529 | CG295: 0.0592 | CH295: 0.0793
BT296: Administração Central | BU296: =+BU295+1 -> 101 | BV296: =VLOOKUP($BU296,$CD$271:$CH$312,3,0) -> 0.03 | BW296: =VLOOKUP($BU296,$CD$271:$CH$312,4,0) -> 0.04 | BX296: =VLOOKUP($BU296,$CD$271:$CH$312,5,0) -> 0.055 | CD296: =+CD295+1 -> 402 | CE296: Seguro e Garantia | CF296: 0.0025 | CG296: 0.0051 | CH296: 0.0056
BT297: Seguro e Garantia | BU297: =+BU296+1 -> 102 | BV297: =VLOOKUP($BU297,$CD$271:$CH$312,3,0) -> 0.008 | BW297: =VLOOKUP($BU297,$CD$271:$CH$312,4,0) -> 0.008 | BX297: =VLOOKUP($BU297,$CD$271:$CH$312,5,0) -> 0.01 | CD297: =+CD296+1 -> 403 | CE297: Risco | CF297: 0.01 | CG297: 0.0148 | CH297: 0.0197
BT298: Risco | BU298: =+BU297+1 -> 103 | BV298: =VLOOKUP($BU298,$CD$271:$CH$312,3,0) -> 0.0097 | BW298: =VLOOKUP($BU298,$CD$271:$CH$312,4,0) -> 0.0127 | BX298: =VLOOKUP($BU298,$CD$271:$CH$312,5,0) -> 0.0127 | CD298: =+CD297+1 -> 404 | CE298: Despesas Financeiras | CF298: 0.0101 | CG298: 0.0107 | CH298: 0.0111
BT299: Despesas Financeiras | BU299: =+BU298+1 -> 104 | BV299: =VLOOKUP($BU299,$CD$271:$CH$312,3,0) -> 0.0059 | BW299: =VLOOKUP($BU299,$CD$271:$CH$312,4,0) -> 0.0123 | BX299: =VLOOKUP($BU299,$CD$271:$CH$312,5,0) -> 0.0139 | CD299: =+CD298+1 -> 405 | CE299: Lucro | CF299: 0.08 | CG299: 0.0831 | CH299: 0.0951
BT300: Lucro | BU300: =+BU299+1 -> 105 | BV300: =VLOOKUP($BU300,$CD$271:$CH$312,3,0) -> 0.0616 | BW300: =VLOOKUP($BU300,$CD$271:$CH$312,4,0) -> 0.074 | BX300: =VLOOKUP($BU300,$CD$271:$CH$312,5,0) -> 0.0896 | CD300: =BT261 -> 500 | CE300: =BU261 -> Portuárias, Marítimas e Fluviais
CD301: =+CD300+1 -> 501 | CE301: Administração Central | CF301: 0.04 | CG301: 0.0552 | CH301: 0.0785
CD302: =+CD301+1 -> 502 | CE302: Seguro e Garantia | CF302: 0.0081 | CG302: 0.0122 | CH302: 0.0199
CD303: =+CD302+1 -> 503 | CE303: Risco | CF303: 0.0146 | CG303: 0.0232 | CH303: 0.0316
CD304: =+CD303+1 -> 504 | CE304: Despesas Financeiras | CF304: 0.0094 | CG304: 0.0102 | CH304: 0.0133
BV305: 1 Quartil | BW305: Médio | BX305: 3 Quartil | CD305: =+CD304+1 -> 505 | CE305: Lucro | CF305: 0.0714 | CG305: 0.084 | CH305: 0.1043
BT306: =BT257 -> 100 | BU306: =VLOOKUP(BT306,BT257:BU262,2,0) -> Construção de edificios | BV306: 0.2034 | BW306: 0.2212 | BX306: 0.25
BT307: 200 | BU307: =VLOOKUP(BT307,BT258:BU263,2,0) -> Construção de rodovias e ferrovias | BV307: 0.196 | BW307: 0.2097 | BX307: 0.2423 | CD307: =BT262 -> 600 | CE307: =BU262 -> Fornecimento de Materiais e Equipamentos
BT308: =BT259 -> 300 | BU308: =VLOOKUP(BT308,BT259:BU264,2,0) -> Construção de Redes de Abastecimento de Água, Coleta de Esgoto e Construções Correlatas | BV308: 0.2076 | BW308: 0.2418 | BX308: 0.2644 | CD308: =+CD307+1 -> 601 | CE308: Administração Central | CF308: 0.015 | CG308: 0.0345 | CH308: 0.0449
BT309: 400 | BU309: =VLOOKUP(BT309,BT260:BU265,2,0) -> Construção e Manutenção de Estações e Redes de Distribuição de Energia Elétrica | BV309: 0.24 | BW309: 0.2584 | BX309: 0.2786 | CD309: =+CD308+1 -> 602 | CE309: Seguro e Garantia | CF309: 0.003 | CG309: 0.0048 | CH309: 0.0082
BT310: 500 | BU310: =VLOOKUP(BT310,BT261:BU266,2,0) -> Portuárias, Marítimas e Fluviais | BV310: 0.228 | BW310: 0.2748 | BX310: 0.3095 | CD310: =+CD309+1 -> 603 | CE310: Risco | CF310: 0.0056 | CG310: 0.0085 | CH310: 0.0089
BT311: 600 | BU311: =VLOOKUP(BT311,BT262:BU267,2,0) -> Fornecimento de Materiais e Equipamentos | BV311: 0.111 | BW311: 0.1402 | BX311: 0.168 | CD311: =+CD310+1 -> 604 | CE311: Despesas Financeiras | CF311: 0.0085 | CG311: 0.0085 | CH311: 0.0111
CD312: =+CD311+1 -> 605 | CE312: Lucro | CF312: 0.035 | CG312: 0.0511 | CH312: 0.0622

Sheet RE
B1: =PO!D1 -> Obra | C1: =PO!I1 -> Encargos Sociais
B2: =PO!D2 -> Construção de prédio público destinado às gerências de Meio Ambiente, Infraestrutura e Agricultura | C2: =PO!I2 -> RELATÓRIO DE CUSTOS DE COMPOSIÇÕES - SEM DESONERAÇÃO ENCARGOS SOCIAIS
B4: ORÇAMENTO RESUMIDO
A5: =PO!A5 -> Item | B5: =PO!D5 -> Descrição | C5: =PO!I5 -> Total | D5: =PO!J5 -> Peso (%)
A6: =PO!A6 -> 1 | B6: =PO!D6 -> CANTEIRO DE OBRA | C6: =PO!I6 -> 15652.74 | D6: =PO!J6 -> 0.006641026
A7: =PO!$A$11 -> 2 | B7: =PO!D11 -> SERVIÇOS PRELIMINARES | C7: =PO!I11 -> 23192.8 | D7: =PO!J11 -> 0.0098400656
A8: =PO!$A$15 -> 3 | B8: =PO!D15 -> ADMINISTRAÇÃO CENTRAL DE OBRA | C8: =PO!I15 -> 125512 | D8: =PO!J15 -> 0.053251281
A9: =PO!$A$20 -> 4.00.00 | B9: =PO!D20 -> INFRAESTRUTURA | C9: =PO!I20 -> 283816.92 | D9: =PO!J20 -> 0.12041569
A10: =PO!$A$33 -> 4.01.00 | B10: =PO!D33 -> MESOESTRUTURA E SUPRAESTRUTURA | C10: =PO!I33 -> 238687.18 | D10: =PO!J33 -> 0.10126839
A11: =PO!$A$41 -> 5 | B11: =PO!D41 -> PAREDES E REVESTIMENTOS | C11: =PO!I41 -> 380117.73 | D11: =PO!J41 -> 0.16127347
A12: =PO!$A$47 -> 6 | B12: =PO!D47 -> PAVIMENTAÇÃO | C12: =PO!I47 -> 99914.98 | D12: =PO!J47 -> 0.042391171
A13: =PO!$A$54 -> 7 | B13: =PO!D54 -> REVESTIMENTO DE PISOS | C13: =PO!I54 -> 102393.9 | D13: =PO!J54 -> 0.043442909
A14: =PO!$A$57 -> 8 | B14: =PO!D57 -> PINTURA | C14: =PO!I57 -> 127319.58 | D14: =PO!J57 -> 0.054018188
A15: =PO!$A$63 -> 9 | B15: =PO!D63 -> REVESTIMENTO DE TETO E FORRO | C15: =PO!I63 -> 55736.88 | D15: =PO!J63 -> 0.023647622
A16: =PO!$A$71 -> 10 | B16: =PO!D71 -> ESTRUTURA METÁLICA | C16: =PO!I71 -> 261434.29 | D16: =PO!J71 -> 0.11091936
A17: =PO!$A$76 -> 11 | B17: =PO!D76 -> CALHAS E RUFOS | C17: =PO!I76 -> 17211.54 | D17: =PO!J76 -> 0.0073023819
A18: =PO!A81 -> 12 | B18: =PO!D81 -> INSTALAÇÕES HIDROSSANITÁRIAS | C18: =PO!I81 -> 106785.61 | D18: =PO!J81 -> 0.04530619
B19: =PO!D82 -> ESGOTO E PLUVIAL | C19: =PO!I82 -> 0 | D19: =PO!J82 -> 0
B20: =PO!D99 -> ÁGUA FRIA | C20: =PO!I99 -> 0 | D20: =PO!J99 -> 0
B21: =PO!D114 -> CAIXAS, RALOS E LOUÇAS | C21: =PO!I114 -> 0 | D21: =PO!J114 -> 0
A22: =PO!A128 -> 13 | B22: =PO!D128 -> INSTALAÇÕES ELÉTRICAS | C22: =PO!I128 -> 181670.44 | D22: =PO!J128 -> 0.077077759
B23: =PO!D129 -> ELÉTRICA | C23: =PO!I129 -> 0 | D23: =PO!J129 -> 0
B24: =PO!D155 -> REDE DE CABEAMENTO ESTRUTURADO | C24: =PO!I155 -> 0 | D24: =PO!J155 -> 0
A25: =PO!A164 -> 14 | B25: =PO!D164 -> ESQUADRIAS | C25: =PO!I164 -> 145931.83 | D25: =PO!J164 -> 0.061914852
B26: =PO!D165 -> JANELAS | C26: =PO!I165 -> 0 | D26: =PO!J165 -> 0
B27: =PO!D174 -> PORTAS E PORTÕES | C27: =PO!I174 -> 0 | D27: =PO!J174 -> 0
A28: =PO!$A$180 -> 15 | B28: =PO!D180 -> ACESSÓRIOS | C28: =PO!I180 -> 16107.67 | D28: =PO!J180 -> 0.0068340403
A29: =PO!$A$186 -> 16 | B29: =PO!D186 -> INSTALAÇÕES CONTRA PÂNICO E INCÊNDIOS | C29: =PO!I186 -> 6147.76 | D29: =PO!J186 -> 0.0026083251
A30: =PO!$A$191 -> 17 | B30: =PO!D191 -> SERVIÇOS COMPLEMENTARES | C30: =PO!I191 -> 169342.3 | D30: =PO!J191 -> 0.071847269
B31: =PO!D197 -> TOTAL DA OBRA | C31: =PO!I197 -> 2356976.1 | D31: =PO!J197 -> 1
B32: Novo Horizonte do Sul/MS 07 de abril de 2026
B33: =PO!D198 -> Novo Horizonte do Sul/MS 02 de junho de 2026 | C33: =PO!H198 -> Valor sem BDI | D33: =PO!I198 -> 1888300.1
C34: =PO!H199 -> BDI | D34: =PO!I199 -> 468676.08
C35: =PO!H200 -> Valor com BDI | D35: =PO!I200 -> 2356976.1
B36: RAFAEL DOS SANTOS A. LIMA
B37: Engenheiro Civil
B40: ALDENIR BARBOSA DO NASCIMENTO
B41: Prefeito Municipal

Sheet CRONO
B1: =PO!D1 -> Obra
B2: =PO!D2 -> Construção de prédio público destinado às gerências de Meio Ambiente, Infraestrutura e Agricultura
A4: CRONOGRAMA FÍSICO E FINANCEIRO
A5: Item | B5: Descrição | C5: Valor | D5: MÊS 1 | F5: MÊS 2 | H5: MÊS 3 | J5: MÊS 4 | L5: MÊS 5 | N5: MÊS 6
A6: 1 | B6: CANTEIRO DE OBRA | C6: =RE!C6 -> 15652.74 | D6: =E6*$C6 -> 15652.74 | E6: 1 | F6: =G6*$C6 -> 0 | H6: =I6*$C6 -> 0 | J6: =K6*$C6 -> 0 | L6: =M6*$C6 -> 0 | N6: =O6*$C6 -> 0 | P6: =D6+F6+H6+J6+L6+N6 -> 15652.74 | Q6: =E6+G6+I6+K6+M6+O6 -> 1 | R6: =P6-C6 -> 0
A7: 2 | B7: SERVIÇOS PRELIMINARES | C7: =RE!C7 -> 23192.8 | D7: =E7*$C7 -> 23192.8 | E7: 1 | F7: =G7*$C7 -> 0 | H7: =I7*$C7 -> 0 | J7: =K7*$C7 -> 0 | L7: =M7*$C7 -> 0 | N7: =O7*$C7 -> 0 | P7: =D7+F7+H7+J7+L7+N7 -> 23192.8 | Q7: =E7+G7+I7+K7+M7+O7 -> 1 | R7: =P7-C7 -> 0
A8: 3 | B8: ADMINISTRAÇÃO CENTRAL DE OBRA | C8: =RE!C8 -> 125512 | D8: =E8*$C8 -> 31378 | E8: 0.25 | F8: =G8*$C8 -> 31378 | G8: 0.25 | H8: =I8*$C8 -> 31378 | I8: 0.25 | J8: =K8*$C8 -> 31378 | K8: 0.25 | L8: =M8*$C8 -> 0 | N8: =O8*$C8 -> 0 | P8: =D8+F8+H8+J8+L8+N8 -> 125512 | Q8: =E8+G8+I8+K8+M8+O8 -> 1 | R8: =P8-C8 -> 0
A9: 4.00.00 | B9: INFRAESTRUTURA | C9: =RE!C9 -> 283816.92 | D9: =E9*$C9 -> 283816.92 | E9: 1 | F9: =G9*$C9 -> 0 | H9: =I9*$C9 -> 0 | J9: =K9*$C9 -> 0 | L9: =M9*$C9 -> 0 | N9: =O9*$C9 -> 0 | P9: =D9+F9+H9+J9+L9+N9 -> 283816.92 | Q9: =E9+G9+I9+K9+M9+O9 -> 1 | R9: =P9-C9 -> 0
A10: 4.01.00 | B10: MESOESTRUTURA E SUPRAESTRUTURA | C10: =RE!C10 -> 238687.18 | D10: =E10*$C10 -> 119343.59 | E10: 0.5 | F10: =G10*$C10 -> 119343.59 | G10: 0.5 | H10: =I10*$C10 -> 0 | J10: =K10*$C10 -> 0 | L10: =M10*$C10 -> 0 | N10: =O10*$C10 -> 0 | P10: =D10+F10+H10+J10+L10+N10 -> 238687.18 | Q10: =E10+G10+I10+K10+M10+O10 -> 1 | R10: =P10-C10 -> 0
A11: 5 | B11: PAREDES E REVESTIMENTOS | C11: =RE!C11 -> 380117.73 | D11: =E11*$C11 -> 0 | F11: =G11*$C11 -> 190058.87 | G11: 0.5 | H11: =I11*$C11 -> 190058.87 | I11: 0.5 | J11: =K11*$C11 -> 0 | L11: =M11*$C11 -> 0 | N11: =O11*$C11 -> 0 | P11: =D11+F11+H11+J11+L11+N11 -> 380117.73 | Q11: =E11+G11+I11+K11+M11+O11 -> 1 | R11: =P11-C11 -> 0
A12: 6 | B12: PAVIMENTAÇÃO | C12: =RE!C12 -> 99914.98 | D12: =E12*$C12 -> 49957.49 | E12: 0.5 | F12: =G12*$C12 -> 49957.49 | G12: 0.5 | H12: =I12*$C12 -> 0 | J12: =K12*$C12 -> 0 | L12: =M12*$C12 -> 0 | N12: =O12*$C12 -> 0 | P12: =D12+F12+H12+J12+L12+N12 -> 99914.98 | Q12: =E12+G12+I12+K12+M12+O12 -> 1 | R12: =P12-C12 -> 0
A13: 7 | B13: REVESTIMENTO DE PISOS | C13: =RE!C13 -> 102393.9 | D13: =E13*$C13 -> 0 | F13: =G13*$C13 -> 25598.475 | G13: 0.25 | H13: =I13*$C13 -> 51196.95 | I13: 0.5 | J13: =K13*$C13 -> 25598.475 | K13: 0.25 | L13: =M13*$C13 -> 0 | N13: =O13*$C13 -> 0 | P13: =D13+F13+H13+J13+L13+N13 -> 102393.9 | Q13: =E13+G13+I13+K13+M13+O13 -> 1 | R13: =P13-C13 -> 0
A14: 8 | B14: PINTURA | C14: =RE!C14 -> 127319.58 | D14: =E14*$C14 -> 0 | F14: =G14*$C14 -> 0 | H14: =I14*$C14 -> 63659.79 | I14: 0.5 | J14: =K14*$C14 -> 63659.79 | K14: 0.5 | L14: =M14*$C14 -> 0 | N14: =O14*$C14 -> 0 | P14: =D14+F14+H14+J14+L14+N14 -> 127319.58 | Q14: =E14+G14+I14+K14+M14+O14 -> 1 | R14: =P14-C14 -> 0
A15: 9 | B15: REVESTIMENTO DE TETO | C15: =RE!C15 -> 55736.88 | D15: =E15*$C15 -> 0 | F15: =G15*$C15 -> 0 | H15: =I15*$C15 -> 0 | J15: =K15*$C15 -> 55736.88 | K15: 1 | L15: =M15*$C15 -> 0 | N15: =O15*$C15 -> 0 | P15: =D15+F15+H15+J15+L15+N15 -> 55736.88 | Q15: =E15+G15+I15+K15+M15+O15 -> 1 | R15: =P15-C15 -> 0
A16: 10 | B16: ESTRUTURA METÁLICA | C16: =RE!C16 -> 261434.29 | D16: =E16*$C16 -> 0 | F16: =G16*$C16 -> 0 | H16: =I16*$C16 -> 65358.573 | I16: 0.25 | J16: =K16*$C16 -> 65358.573 | K16: 0.25 | L16: =M16*$C16 -> 65358.573 | M16: 0.25 | N16: =O16*$C16 -> 65358.573 | O16: 0.25 | P16: =D16+F16+H16+J16+L16+N16 -> 261434.29 | Q16: =E16+G16+I16+K16+M16+O16 -> 1 | R16: =P16-C16 -> 0
A17: 11 | B17: CALHAS E RUFOS | C17: =RE!C17 -> 17211.54 | D17: =E17*$C17 -> 0 | F17: =G17*$C17 -> 0 | H17: =I17*$C17 -> 0 | J17: =K17*$C17 -> 0 | L17: =M17*$C17 -> 12908.655 | M17: 0.75 | N17: =O17*$C17 -> 4302.885 | O17: 0.25 | P17: =D17+F17+H17+J17+L17+N17 -> 17211.54 | Q17: =E17+G17+I17+K17+M17+O17 -> 1 | R17: =P17-C17 -> 0
A18: 12 | B18: INSTALAÇÕES HIDROSSANITÁRIAS | C18: =RE!C18 -> 106785.61 | D18: =E18*$C18 -> 0 | F18: =G18*$C18 -> 0 | H18: =I18*$C18 -> 0 | J18: =K18*$C18 -> 0 | L18: =M18*$C18 -> 80089.207 | M18: 0.75 | N18: =O18*$C18 -> 26696.402 | O18: 0.25 | P18: =D18+F18+H18+J18+L18+N18 -> 106785.61 | Q18: =E18+G18+I18+K18+M18+O18 -> 1 | R18: =P18-C18 -> 0
A19: 13 | B19: INSTALAÇÕES ELÉTRICAS | C19: =RE!$C$22 -> 181670.44 | D19: =E19*$C19 -> 0 | F19: =G19*$C19 -> 0 | H19: =I19*$C19 -> 0 | J19: =K19*$C19 -> 90835.22 | K19: 0.5 | L19: =M19*$C19 -> 45417.61 | M19: 0.25 | N19: =O19*$C19 -> 45417.61 | O19: 0.25 | P19: =D19+F19+H19+J19+L19+N19 -> 181670.44 | Q19: =E19+G19+I19+K19+M19+O19 -> 1 | R19: =P19-C19 -> 0
A20: 14 | B20: ESQUADRIAS | C20: =RE!$C$25 -> 145931.83 | D20: =E20*$C20 -> 0 | F20: =G20*$C20 -> 0 | H20: =I20*$C20 -> 0 | J20: =K20*$C20 -> 72965.915 | K20: 0.5 | L20: =M20*$C20 -> 36482.957 | M20: 0.25 | N20: =O20*$C20 -> 36482.957 | O20: 0.25 | P20: =D20+F20+H20+J20+L20+N20 -> 145931.83 | Q20: =E20+G20+I20+K20+M20+O20 -> 1 | R20: =P20-C20 -> 0
A21: 15 | B21: ACESSÓRIOS | C21: =RE!C28 -> 16107.67 | D21: =E21*$C21 -> 0 | F21: =G21*$C21 -> 0 | H21: =I21*$C21 -> 0 | J21: =K21*$C21 -> 8053.835 | K21: 0.5 | L21: =M21*$C21 -> 4026.9175 | M21: 0.25 | N21: =O21*$C21 -> 4026.9175 | O21: 0.25 | P21: =D21+F21+H21+J21+L21+N21 -> 16107.67 | Q21: =E21+G21+I21+K21+M21+O21 -> 1 | R21: =P21-C21 -> 0
A22: 16 | B22: INSTALAÇÕES CONTRA PÂNICO E INCÊNDIOS | C22: =RE!C29 -> 6147.76 | D22: =E22*$C22 -> 0 | F22: =G22*$C22 -> 0 | H22: =I22*$C22 -> 0 | J22: =K22*$C22 -> 3073.88 | K22: 0.5 | L22: =M22*$C22 -> 1536.94 | M22: 0.25 | N22: =O22*$C22 -> 1536.94 | O22: 0.25 | P22: =D22+F22+H22+J22+L22+N22 -> 6147.76 | Q22: =E22+G22+I22+K22+M22+O22 -> 1 | R22: =P22-C22 -> 0
A23: 17 | B23: SERVIÇOS COMPLEMENTARES | C23: =RE!C30 -> 169342.3 | D23: =E23*$C23 -> 0 | F23: =G23*$C23 -> 0 | H23: =I23*$C23 -> 0 | J23: =K23*$C23 -> 0 | L23: =M23*$C23 -> 84671.15 | M23: 0.5 | N23: =O23*$C23 -> 84671.15 | O23: 0.5 | P23: =D23+F23+H23+J23+L23+N23 -> 169342.3 | Q23: =E23+G23+I23+K23+M23+O23 -> 1 | R23: =P23-C23 -> 0
B24: TOTAL | C24: =SUM(C6:C23) -> 2356976.1 | D24: =SUM(D6:D23) -> 523341.54 | F24: =SUM(F6:F23) -> 416336.42 | H24: =SUM(H6:H23) -> 401652.18 | J24: =SUM(J6:J23) -> 416660.57 | L24: =SUM(L6:L23) -> 330492.01 | N24: =SUM(N6:N23) -> 268493.43 | P24: =D24+F24+H24+J24+L24+N24 -> 2356976.1
B25: TOTAL ACUMULADO | D25: =D24 -> 523341.54 | F25: =F24+D25 -> 939677.96 | H25: =H24+F25 -> 1341330.1 | J25: =J24+H25 -> 1757990.7 | L25: =L24+J25 -> 2088482.7 | N25: =N24+L25 -> 2356976.1
B26: =PO!D198 -> Novo Horizonte do Sul/MS 02 de junho de 2026
B29: RAFAEL DOS SANTOS A. LIMA
B30: Engenheiro Civil
B33: ALDENIR BARBOSA DO NASCIMENTO
B34: Prefeito Municipal

Sheet PO
D1: Obra | E1: Banco: | H1: B.D.I. | I1: Encargos Sociais | K1: VALOR 1
D2: Construção de prédio público destinado às gerências de Meio Ambiente, Infraestrutura e Agricultura | E2: SINAPI - Fev/2026 - AGESUL Jan/2026 | F2: 2356976.2 | H2: 0.2482 | I2: RELATÓRIO DE CUSTOS DE COMPOSIÇÕES - SEM DESONERAÇÃO ENCARGOS SOCIAIS | K2: 1932354.3 | L2: 424621.85 | M2: 2353193.9
D4: ORÇAMENTO SINTÉTICO - MÉTODO TRUNCADO | I4: SEM DESONERAÇÃO
A5: Item | B5: Banco | C5: Código | D5: Descrição | E5: Und | F5: P. Unitário | G5: Qtd. | H5: C. Unitário | I5: Total | J5: Peso (%) | K5: MEMÓRIA DE CÁLCULO
A6: 1 | D6: CANTEIRO DE OBRA | I6: 15652.74 | J6: 0.006641026
A7: 1.01 | B7: AGESUL | C7: 101001101 | D7: PLACA DE OBRA EM CHAPA GALVANIZADA N. 22, ADESIVADA | E7: M2 | F7: 514.47 | G7: 6 | H7: 642.16 | I7: 3852.96 | J7: 0.0016347047 | L7: 3852.96
A8: 1.02 | B8: AGESUL | C8: 101001176 | D8: LOCACAO DE BANHEIRO QUIMICO, INCLUSO 4 HIGIENIZACOES | E8: MES | F8: 800 | G8: 6 | H8: 998.56 | I8: 5991.36 | J8: 0.0025419689 | L8: 5991.36
A9: 1.03 | B9: AGESUL | C9: 101001178 | D9: MOBILIZACAO E DESMOBILIZACAO DE BANHEIRO QUIMICO | E9: UN | F9: 300 | G9: 1 | H9: 374.46 | I9: 374.46 | J9: 0.00015887305 | L9: 374.46
A10: 1.04 | B10: AGESUL | C10: 101001181 | D10: LOCACAO DE CONTAINER PARA DEPOSITO DE (2,30 X 6,00)M, ALT. 2,50M, SEM DIVISORIAS INTERNAS E SEM SANITARIO, EXC TRANSP/CARGA/DESCARGA | E10: MES | F10: 725.58 | G10: 6 | H10: 905.66 | I10: 5433.96 | J10: 0.0023054794 | L10: 5433.96
A11: 2 | D11: SERVIÇOS PRELIMINARES | I11: 23192.8 | J11: 0.0098400656
A12: 2.01 | B12: SINAPI | C12: 97083 | D12: COMPACTAÇÃO MECÂNICA DE SOLO PARA EXECUÇÃO DE RADIER, PISO DE CONCRETO OU LAJE SOBRE SOLO, COM COMPACTADOR DE SOLOS A PERCUSSÃO. AF_09/2021 | E12: M2 | F12: 3.48 | G12: 1250.77 | H12: 4.34 | I12: 5428.34 | J12: 0.002303095 | L12: 5428.34
A13: 2.02 | B13: SINAPI | C13: 97064 | D13: MONTAGEM E DESMONTAGEM DE ANDAIME TUBULAR TIPO "TORRE" (EXCLUSIVE ANDAIME E LIMPEZA). AF_03/2024 | E13: M | F13: 29.84 | G13: 108 | H13: 37.24 | I13: 4021.92 | J13: 0.0017063898 | L13: 4021.92
A14: 2.03 | B14: SINAPI | C14: 99059 | D14: LOCACAO CONVENCIONAL DE OBRA, UTILIZANDO GABARITO DE TÁBUAS CORRIDAS PONTALETADAS A CADA 2,00M - 2 UTILIZAÇÕES. AF_10/2018 | E14: M | F14: 63.8 | G14: 172.58 | H14: 79.63 | I14: 13742.54 | J14: 0.0058305808 | L14: 13742.54
A15: 3 | D15: ADMINISTRAÇÃO CENTRAL DE OBRA | I15: 125512 | J15: 0.053251281
A16: 3.01 | B16: SINAPI | C16: 90778 | D16: ENGENHEIRO CIVIL DE OBRA PLENO COM ENCARGOS COMPLEMENTARES | E16: H | F16: 149.14 | G16: 400 | H16: 186.15 | I16: 74460 | J16: 0.031591325 | L16: 74460
A17: 3.02 | B17: SINAPI | C17: 100289 | D17: VIGIA DIURNO COM ENCARGOS COMPLEMENTARES | E17: H | F17: 22.51 | G17: 400 | H17: 28.09 | I17: 11236 | J17: 0.004767125 | L17: 11236
A18: 3.03 | B18: SINAPI | C18: 90780 | D18: MESTRE DE OBRAS COM ENCARGOS COMPLEMENTARES | E18: H | F18: 44.28 | G18: 400 | H18: 55.27 | I18: 22108 | J18: 0.0093798149 | L18: 22108
A19: 3.04 | B19: SINAPI | C19: 90776 | D19: ENCARREGADO GERAL COM ENCARGOS COMPLEMENTARES | E19: H | F19: 35.47 | G19: 400 | H19: 44.27 | I19: 17708 | J19: 0.0075130162 | L19: 17708
A20: 4.00.00 | D20: INFRAESTRUTURA | I20: 283816.92 | J20: 0.12041569
A21: 4.00.01 | B21: SINAPI | C21: 96523 | D21: ESCAVAÇÃO MANUAL PARA BLOCO DE COROAMENTO OU SAPATA (INCLUINDO ESCAVAÇÃO PARA COLOCAÇÃO DE FÔRMAS). AF_06/2017 | E21: M3 | F21: 98.67 | G21: 76.45 | H21: 123.15 | I21: 9414.81 | J21: 0.0039944443 | K21: 65,54+10,91 | L21: 9414.81
A22: 4.00.02 | B22: SINAPI | C22: 95577 | D22: MONTAGEM DE ARMADURA DE ESTACAS, DIÂMETRO = 10,0 MM. AF_09/2021_PS | E22: KG | F22: 10.37 | G22: 814.44 | H22: 12.94 | I22: 10538.85 | J22: 0.0044713435 | K22: 440*3*0,617 | L22: 10538.85
A23: 4.00.03 | B23: SINAPI | C23: 95583 | D23: MONTAGEM DE ARMADURA TRANSVERSAL DE ESTACAS DE SEÇÃO CIRCULAR, DIÂMETRO = 5,0 MM. AF_09/2021_PS | E23: KG | F23: 15.79 | G23: 460.768 | H23: 19.7 | I23: 9077.12 | J23: 0.0038511718 | K23: 34*88*0,154 | L23: 9077.12
A24: 4.00.04 | B24: SINAPI | C24: 101174 | D24: ESTACA BROCA DE CONCRETO, DIÂMETRO DE 25CM, ESCAVAÇÃO MANUAL COM TRADO CONCHA, COM ARMADURA DE ARRANQUE. AF_05/2020 | E24: M | F24: 87.05 | G24: 440 | H24: 108.65 | I24: 47806 | J24: 0.020282768 | K24: 88*5 | L24: 47806
A25: 4.00.05 | B25: SINAPI | C25: 101175 | D25: ESTACA BROCA DE CONCRETO, DIÂMETRO DE 30CM, ESCAVAÇÃO MANUAL COM TRADO CONCHA, COM ARMADURA DE ARRANQUE. AF_05/2020 | E25: M | F25: 118.9 | G25: 75 | H25: 148.41 | I25: 11130.75 | J25: 0.0047224704 | K25: 15*5 | L25: 11130.75
A26: 4.00.06 | B26: SINAPI | C26: 96543 | D26: ARMAÇÃO DE BLOCO, VIGA BALDRAME E SAPATA UTILIZANDO AÇO CA-60 DE 5 MM - MONTAGEM. AF_06/2017 | E26: KG | F26: 19.83 | G26: 846.5 | H26: 24.75 | I26: 20950.87 | J26: 0.0088888765 | K26: 651+195,5 | L26: 20950.87
A27: 4.00.07 | B27: SINAPI | C27: 96545 | D27: ARMAÇÃO DE BLOCO, VIGA BALDRAME OU SAPATA UTILIZANDO AÇO CA-50 DE 8 MM - MONTAGEM. AF_06/2017 | E27: KG | F27: 15.82 | G27: 1195.3 | H27: 19.74 | I27: 23595.22 | J27: 0.010010801 | K27: 738,7+456,6 | L27: 23595.22
A28: 4.00.08 | B28: SINAPI | C28: 96546 | D28: ARMAÇÃO DE BLOCO, VIGA BALDRAME OU SAPATA UTILIZANDO AÇO CA-50 DE 10 MM - MONTAGEM. AF_06/2017 | E28: KG | F28: 13.77 | G28: 130.1 | H28: 17.18 | I28: 2235.11 | J28: 0.00094829555 | K28: 119,7+10,4 | L28: 2235.11
A29: 4.00.09 | B29: SINAPI | C29: 98557 | D29: IMPERMEABILIZAÇÃO DE SUPERFÍCIE COM EMULSÃO ASFÁLTICA, 2 DEMÃOS AF_06/2018 | E29: M2 | F29: 41.11 | G29: 431.36 | H29: 51.31 | I29: 22133.08 | J29: 0.0093904556 | K29: 249,53+181,83 | L29: 22133.08
A30: 4.00.10 | B30: SINAPI | C30: 96536 | D30: FABRICAÇÃO, MONTAGEM E DESMONTAGEM DE FÔRMA PARA VIGA BALDRAME, EM MADEIRA SERRADA, E=25 MM, 4 UTILIZAÇÕES. AF_06/2017 | E30: M2 | F30: 63.52 | G30: 431.36 | H30: 79.28 | I30: 34198.22 | J30: 0.014509362 | K30: 249,53+181,83 | L30: 34198.22
A31: 4.00.11 | B31: SINAPI | C31: 102476 | D31: CONCRETO FCK = 25MPA, TRAÇO 1:2,2:2,5 (EM MASSA SECA DE CIMENTO/ AREIA MÉDIA/ SEIXO ROLADO) - PREPARO MECÂNICO COM BETONEIRA 400 L. AF_05/2021 | E31: M3 | F31: 663.3 | G31: 76.45 | H31: 827.93 | I31: 63295.24 | J31: 0.026854425 | K31: 65,54+10,91 | L31: 63295.24
A32: 4.00.12 | B32: SINAPI | C32: 103670 | D32: LANÇAMENTO COM USO DE BALDES, ADENSAMENTO E ACABAMENTO DE CONCRETO EM ESTRUTURAS. AF_02/2022 | E32: M3 | F32: 308.54 | G32: 76.45 | H32: 385.11 | I32: 29441.65 | J32: 0.01249128 | K32: 65,54+10,91 | L32: 29441.65
A33: 4.01.00 | D33: MESOESTRUTURA E SUPRAESTRUTURA | I33: 238687.18 | J33: 0.10126839
A34: 4.01.01 | B34: SINAPI | C34: 104109 | D34: ARMAÇÃO DE PILAR OU VIGA DE ESTRUTURA DE CONCRETO ARMADO EMBUTIDA EM ALVENARIA DE VEDAÇÃO UTILIZANDO AÇO CA-50 DE 8,0 MM - MONTAGEM. AF_06/2022 | E34: KG | F34: 15.49 | G34: 915.7 | H34: 19.33 | I34: 17700.48 | J34: 0.0075098257 | K34: 416,1+272,7+93,9+133 | L34: 17700.48
A35: 4.01.02 | B35: SINAPI | C35: 104108 | D35: ARMAÇÃO DE PILAR OU VIGA DE ESTRUTURA DE CONCRETO ARMADO EMBUTIDA EM ALVENARIA DE VEDAÇÃO UTILIZANDO AÇO CA-50 DE 10,0 MM - MONTAGEM. AF_06/2022 | E35: KG | F35: 12.53 | G35: 836.9 | H35: 15.63 | I35: 13080.74 | J35: 0.0055497974 | K35: 703+2,3+131,6 | L35: 13080.74
A36: 4.01.03 | B36: SINAPI | C36: 104111 | D36: ARMAÇÃO DE PILAR OU VIGA DE ESTRUTURA DE CONCRETO ARMADO EMBUTIDA EM ALVENARIA DE VEDAÇÃO UTILIZANDO AÇO CA-60 DE 5,0 MM - MONTAGEM. AF_06/2022 | E36: KG | F36: 20.38 | G36: 752.8 | H36: 25.43 | I36: 19143.7 | J36: 0.0081221441 | K36: 461,6+129,8+99,6+61,,8 | L36: 19143.7
A37: 4.01.04 | B37: SINAPI | C37: 92263 | D37: FABRICAÇÃO DE FÔRMA PARA PILARES E ESTRUTURAS SIMILARES, EM CHAPA DE MADEIRA COMPENSADA RESINADA, E = 17 MM. AF_09/2020 | E37: M2 | F37: 159.02 | G37: 652.8 | H37: 198.48 | I37: 129567.74 | J37: 0.05497202 | K37: 395,12+116,73+84,23+56,72 | L37: 129567.74
A38: 4.01.05 | B38: SINAPI | C38: 101964 | D38: LAJE PRÉ-MOLDADA UNIDIRECIONAL, BIAPOIADA, PARA FORRO, ENCHIMENTO EM CERÂMICA, VIGOTA CONVENCIONAL, ALTURA TOTAL DA LAJE (ENCHIMENTO+CAPA) = (8+3). AF_11/2020_PA | E38: M2 | F38: 174.4 | G38: 67.81 | H38: 217.68 | I38: 14760.88 | J38: 0.0062626344 | K38: 67.81 | L38: 14760.88
A39: 4.01.06 | B39: SINAPI | C39: 102476 | D39: CONCRETO FCK = 25MPA, TRAÇO 1:2,2:2,5 (EM MASSA SECA DE CIMENTO/ AREIA MÉDIA/ SEIXO ROLADO) - PREPARO MECÂNICO COM BETONEIRA 400 L. AF_05/2021 | E39: M3 | F39: 663.3 | G39: 36.63 | H39: 827.93 | I39: 30327.07 | J39: 0.01286694 | K39: 21,59+7+4,64+3,4 | L39: 30327.07
A40: 4.01.07 | B40: SINAPI | C40: 103670 | D40: LANÇAMENTO COM USO DE BALDES, ADENSAMENTO E ACABAMENTO DE CONCRETO EM ESTRUTURAS. AF_02/2022 | E40: M3 | F40: 308.54 | G40: 36.63 | H40: 385.11 | I40: 14106.57 | J40: 0.0059850287 | K40: 21,59+7+4,64+3,4 | L40: 14106.57
A41: 5 | D41: PAREDES E REVESTIMENTOS | I41: 380117.73 | J41: 0.16127347
A42: 5.01 | B42: SINAPI | C42: 103328 | D42: ALVENARIA DE VEDAÇÃO DE BLOCOS CERÂMICOS FURADOS NA HORIZONTAL DE 9X19X19 CM (ESPESSURA 9 CM) E ARGAMASSA DE ASSENTAMENTO COM PREPARO EM BETONEIRA. AF_12/2021 | E42: M2 | F42: 98.33 | G42: 1461.24 | H42: 122.73 | I42: 179337.98 | J42: 0.076088161 | L42: 179337.98
A43: 5.02 | B43: SINAPI | C43: 87879 | D43: CHAPISCO APLICADO EM ALVENARIAS E ESTRUTURAS DE CONCRETO INTERNAS, COM COLHER DE PEDREIRO. ARGAMASSA TRAÇO 1:3 COM PREPARO EM BETONEIRA 400L. AF_10/2022 | E43: M2 | F43: 4.57 | G43: 2622.19 | H43: 5.7 | I43: 14946.48 | J43: 0.0063413794 | L43: 14946.48
A44: 5.03 | B44: SINAPI | C44: 87529 | D44: MASSA ÚNICA, PARA RECEBIMENTO DE PINTURA, EM ARGAMASSA TRAÇO 1:2:8, PREPARO MECÂNICO COM BETONEIRA 400L, APLICADA MANUALMENTE EM FACES INTERNAS DE PAREDES, ESPESSURA DE 20MM, COM EXECUÇÃO DE TALISCAS. AF_06/2014 | E44: M2 | F44: 37.27 | G44: 3206.05 | H44: 46.52 | I44: 149145.44 | J44: 0.063278298 | L44: 149145.44
A45: 5.04 | B45: SINAPI | C45: 87531 | D45: EMBOÇO, PARA RECEBIMENTO DE CERÂMICA, EM ARGAMASSA TRAÇO 1:2:8, PREPARO MECÂNICO COM BETONEIRA 400L, APLICADO MANUALMENTE EM FACES INTERNAS DE PAREDES, PARA AMBIENTE COM ÁREA ENTRE 5M2 E 10M2, ESPESSURA DE 20MM, COM EXECUÇÃO DE TALISCAS. AF_06/2014 | E45: M2 | F45: 35.98 | G45: 267.99 | H45: 44.91 | I45: 12035.43 | J45: 0.0051063011 | L45: 12035.43
A46: 5.05 | B46: SINAPI | C46: 87273 | D46: REVESTIMENTO CERÂMICO PARA PAREDES INTERNAS COM PLACAS TIPO ESMALTADA EXTRA DE DIMENSÕES 33X45 CM APLICADAS NA ALTURA INTEIRA DAS PAREDES. AF_02/2023_PE | E46: M2 | F46: 73.7 | G46: 267.99 | H46: 91.99 | I46: 24652.4 | J46: 0.010459334 | L46: 24652.4
A47: 6 | D47: PAVIMENTAÇÃO | I47: 99914.98 | J47: 0.042391171
A48: 6.01 | B48: SINAPI | C48: 96386 | D48: EXECUÇÃO E COMPACTAÇÃO DE ATERRO COM SOLO PREDOMINANTEMENTE ARENOSO - EXCLUSIVE SOLO, ESCAVAÇÃO, CARGA E TRANSPORTE. AF_11/2019 | E48: M3 | F48: 6.77 | G48: 150.0924 | H48: 8.45 | I48: 1268.28 | J48: 0.00053809624 | K48: 1250,77*0,12 | L48: 1268.28
A49: 6.02 | B49: SINAPI | C49: 94990 | D49: EXECUÇÃO DE PASSEIO (CALÇADA) OU PISO DE CONCRETO COM CONCRETO MOLDADO IN LOCO, FEITO EM OBRA, ACABAMENTO CONVENCIONAL, NÃO ARMADO. AF_(PISO DE CONCRETO NÃO ARMADO) | E49: M3 | F49: 784.95 | G49: 75.046 | H49: 979.77 | I49: 73527.81 | J49: 0.031195823 | L49: 73527.81
A50: 6.03 | B50: SINAPI | C50: 94273 | D50: ASSENTAMENTO DE GUIA (MEIO-FIO) EM TRECHO RETO, CONFECCIONADA EM CONCRETO PRÉ-FABRICADO, DIMENSÕES 100X15X13X30 CM (COMPRIMENTO X BASE INFERIOR X BASE SUPERIOR X ALTURA), PARA VIAS URBANAS (USO VIÁRIO). AF_06/2016 | E50: M | F50: 44.33 | G50: 283.62 | H50: 55.33 | I50: 15692.69 | J50: 0.0066579757 | L50: 15692.69
A51: 6.04 | B51: SINAPI | C51: 94994 | D51: EXECUÇÃO DE PASSEIO (CALÇADA) OU PISO DE CONCRETO COM CONCRETO MOLDADO IN LOCO, FEITO EM OBRA, ACABAMENTO CONVENCIONAL, ESPESSURA 8 CM, ARMADO. (PISO DE CONCRETO ARMADO 8CM) | E51: M2 | F51: 94.33 | G51: 9 | H51: 117.74 | I51: 1059.66 | J51: 0.00044958452 | L51: 1059.66
A52: 6.05 | B52: SINAPI | C52: 93590 | D52: TRANSPORTE COM CAMINHÃO BASCULANTE DE 10 M³, EM VIA URBANA PAVIMENTADA, ADICIONAL PARA DMT EXCEDENTE A 30 KM (UNIDADE: M3XKM). AF_07/2020 | E52: M3XKM | F52: 0.99 | G52: 3339.9416 | H52: 1.23 | I52: 4108.12 | J52: 0.0017429621 | K52: incidência brita 0,58 '=(0,58*75,05+(0,58*0,08*9))*(106-30) (dmt navirai santa maria) | L52: 4108.12
A53: 6.06 | B53: SINAPI | C53: 95875 | D53: TRANSPORTE COM CAMINHÃO BASCULANTE DE 10 M³, EM VIA URBANA PAVIMENTADA, DMT ATÉ 30 KM (UNIDADE: M3XKM). AF_07/2020 | E53: M3XKM | F53: 2.59 | G53: 1318.398 | H53: 3.23 | I53: 4258.42 | J53: 0.0018067302 | K53: incidência brita 0,58 '=(0,58*75,05+(0,58*0,08*9))*30 (dmt navirai santa maria) | L53: 4258.42
A54: 7 | D54: REVESTIMENTO DE PISOS | I54: 102393.9 | J54: 0.043442909
A55: 7.01 | B55: SINAPI | C55: 88650 | D55: RODAPÉ CERÂMICO DE 7CM DE ALTURA COM PLACAS TIPO ESMALTADA DE DIMENSÕES 60X60CM. AF_02/2023 | E55: M | F55: 13.4 | G55: 569.57 | H55: 16.72 | I55: 9523.21 | J55: 0.0040404355 | K55: 26,60+92+450,97 | L55: 9523.21
A56: 7.02 | B56: SINAPI | C56: 87262 | D56: REVESTIMENTO CERÂMICO PARA PISO COM PLACAS TIPO PORCELANATO DE DIMENSÕES 60X60 CM APLICADA EM AMBIENTES DE ÁREA ENTRE 5 M² E 10 M². AF_02/2023_PE | E56: M2 | F56: 142.28 | G56: 522.95 | H56: 177.59 | I56: 92870.69 | J56: 0.039402473 | K56: 522.95 | L56: 92870.69
A57: 8 | D57: PINTURA | I57: 127319.58 | J57: 0.054018188
A58: 8.01 | B58: SINAPI | C58: 100740 | D58: PINTURA COM TINTA ALQUÍDICA DE ACABAMENTO (ESMALTE SINTÉTICO ACETINADO) APLICADA A ROLO OU PINCEL SOBRE PERFIL METÁLICO EXECUTADO EM FÁBRICA (POR DEMÃO). AF_01/2020 | E58: M2 | F58: 11.84 | G58: 334.86 | H58: 14.77 | I58: 4945.88 | J58: 0.0020984005 | K58: 334.86 | L58: 4945.88
A59: 8.02 | B59: SINAPI | C59: 88421 | D59: APLICAÇÃO MANUAL DE PINTURA COM TINTA TEXTURIZADA ACRÍLICA EM SUPERFÍCIES INTERNAS DA SACADA DE EDIFÍCIOS DE MÚLTIPLOS PAVIMENTOS, UMA COR. AF_03/2024 | E59: M2 | F59: 31.08 | G59: 1918.05 | H59: 38.79 | I59: 74401.15 | J59: 0.031566357 | K59: =3206,25-1288,2 | L59: 74401.15
A60: 8.03 | B60: SINAPI | C60: 88485 | D60: FUNDO SELADOR ACRÍLICO, APLICAÇÃO MANUAL EM PAREDE, UMA DEMÃO. AF_04/2023 | E60: M2 | F60: 3.76 | G60: 1288.2 | H60: 4.69 | I60: 6041.65 | J60: 0.0025633055 | L60: 6041.65
A61: 8.04 | B61: SINAPI | C61: 88489 | D61: PINTURA LÁTEX ACRÍLICA PREMIUM, APLICAÇÃO MANUAL EM PAREDES, DUAS DEMÃOS. AF_04/2023 | E61: M2 | F61: 13.56 | G61: 1288.2 | H61: 16.92 | I61: 21796.34 | J61: 0.0092475861 | L61: 21796.34
A62: 8.05 | B62: SINAPI | C62: 88495 | D62: EMASSAMENTO COM MASSA LÁTEX, APLICAÇÃO EM PAREDE, UMA DEMÃO, LIXAMENTO MANUAL. AF_04/2023 | E62: M2 | F62: 12.53 | G62: 1288.2 | H62: 15.63 | I62: 20134.56 | J62: 0.0085425387 | L62: 20134.56
A63: 9 | D63: REVESTIMENTO DE TETO E FORRO | I63: 55736.88 | J63: 0.023647622
A64: 9.01 | B64: SINAPI | C64: 87881 | D64: CHAPISCO APLICADO NO TETO OU EM ALVENARIA E ESTRUTURA, COM ROLO PARA TEXTURA ACRÍLICA. ARGAMASSA TRAÇO 1:4 E EMULSÃO POLIMÉRICA (ADESIVO) COM PREPARO MANUAL. AF_10/2022 | E64: M2 | F64: 6.29 | G64: 67.81 | H64: 7.85 | I64: 532.3 | J64: 0.00022584021 | L64: 532.3
A65: 9.02 | B65: SINAPI | C65: 90408 | D65: MASSA ÚNICA, EM ARGAMASSA TRAÇO 1:2:8, PREPARO MECÂNICO, APLICADA MANUALMENTE EM TETO, E = 10MM, COM TALISCAS. AF_03/2024 | E65: M2 | F65: 32.98 | G65: 67.81 | H65: 41.16 | I65: 2791.05 | J65: 0.0011841656 | L65: 2791.05
A66: 9.03 | B66: SINAPI | C66: 104640 | D66: PINTURA LÁTEX ACRÍLICA STANDARD, APLICAÇÃO MANUAL EM TETO, DUAS DEMÃOS. AF_04/2023 | E66: M2 | F66: 13.59 | G66: 67.81 | H66: 16.96 | I66: 1150.05 | J66: 0.00048793451 | L66: 1150.05
A67: 9.04 | B67: SINAPI | C67: 88484 | D67: FUNDO SELADOR ACRÍLICO, APLICAÇÃO MANUAL EM TETO, UMA DEMÃO. AF_04/2023 | E67: M2 | F67: 4.75 | G67: 67.81 | H67: 5.92 | I67: 401.43 | J67: 0.00017031568 | L67: 401.43
A68: 9.05 | B68: SINAPI | C68: 88494 | D68: EMASSAMENTO COM MASSA LÁTEX, APLICAÇÃO EM TETO, UMA DEMÃO, LIXAMENTO MANUAL. AF_04/2023 | E68: M2 | F68: 22.34 | G68: 67.81 | H68: 27.88 | I68: 1890.54 | J68: 0.000802104 | L68: 1890.54
A69: 9.04 | B69: SINAPI | C69: 96116 | D69: FORRO EM RÉGUAS DE PVC, FRISADO, PARA AMBIENTES COMERCIAIS, INCLUSIVE ESTRUTURA BIDIRECIONAL DE FIXAÇÃO. AF_08/2023_PS | E69: M2 | F69: 72.43 | G69: 452.11 | H69: 90.4 | I69: 40870.74 | J69: 0.017340328 | L69: 40870.74
A70: 9.05 | B70: SINAPI | C70: 96121 | D70: ACABAMENTOS PARA FORRO (RODA-FORRO EM PERFIL METÁLICO E PLÁSTICO). AF_08/2023 | E70: M | F70: 14.37 | G70: 451.8 | H70: 17.93 | I70: 8100.77 | J70: 0.0034369334 | L70: 8100.77
A71: 10 | D71: ESTRUTURA METÁLICA | I71: 261434.29 | J71: 0.11091936
A72: 10.01 | B72: SINAPI | C72: 94213 | D72: TELHAMENTO COM TELHA DE AÇO/ALUMÍNIO E = 0,5 MM, COM ATÉ 2 ÁGUAS, INCLUSO IÇAMENTO. AF_07/2019 | E72: M2 | F72: 65.77 | G72: 334.86 | H72: 82.09 | I72: 27488.65 | J72: 0.011662676 | L72: 27488.65
A73: 10.02 | B73: SINAPI | C73: 94216 | D73: TELHAMENTO COM TELHA METÁLICA TERMOACÚSTICA E = 30 MM, COM ATÉ 2 ÁGUAS, INCLUSO IÇAMENTO. AF_07/2019 | E73: M2 | F73: 190.41 | G73: 469.78 | H73: 237.66 | I73: 111647.91 | J73: 0.04736913 | L73: 111647.91
A74: 10.03 | B74: SINAPI | C74: 100378 | D74: FABRICAÇÃO E INSTALAÇÃO DE TESOURA (INTEIRA OU MEIA) EM AÇO, VÃOS MAIORES OU IGUAIS A 6,0 M E MENORES OU IGUAIS A 12,0 M, INCLUSO IÇAMENTO, EXCLUSIVE PINTURA. AF_10/2025 | E74: KG | F74: 12.41 | G74: 4629.44 | H74: 15.49 | I74: 71710.02 | J74: 0.030424584 | L74: 71710.02
A75: 10.04 | B75: SINAPI | C75: 92580 | D75: TRAMA DE AÇO COMPOSTA POR TERÇAS PARA TELHADOS DE ATÉ 2 ÁGUAS PARA TELHA ONDULADA DE FIBROCIMENTO, METÁLICA, PLÁSTICA OU TERMOACÚSTICA, INCLUSO TRANSPORTE VERTICAL. AF_07/2019 | E75: M2 | F75: 50.37 | G75: 804.64 | H75: 62.87 | I75: 50587.71 | J75: 0.021462971 | L75: 50587.71
A76: 11 | D76: CALHAS E RUFOS | I76: 17211.54 | J76: 0.0073023819
A77: 11.01 | B77: SINAPI | C77: 94228 | D77: CALHA EM CHAPA DE AÇO GALVANIZADO NÚMERO 24, DESENVOLVIMENTO DE 50 CM, INCLUSO TRANSPORTE VERTICAL. AF_07/2019 | E77: M | F77: 77.47 | G77: 11.8 | H77: 96.69 | I77: 1140.94 | J77: 0.00048406939 | L77: 1140.94
A78: 11.02 | B78: SINAPI | C78: 94227 | D78: CALHA EM CHAPA DE AÇO GALVANIZADO NÚMERO 24, DESENVOLVIMENTO DE 33 CM, INCLUSO TRANSPORTE VERTICAL. AF_07/2019 | E78: M | F78: 56.93 | G78: 24.25 | H78: 71.06 | I78: 1723.2 | J78: 0.00073110625 | L78: 1723.2
A79: 11.03 | B79: SINAPI | C79: 94231 | D79: RUFO EM CHAPA DE AÇO GALVANIZADO NÚMERO 24, CORTE DE 25 CM, INCLUSO TRANSPORTE VERTICAL. AF_07/2019 | E79: M | F79: 45.78 | G79: 129.35 | H79: 57.14 | I79: 7391.05 | J79: 0.0031358187 | L79: 7391.05
A80: 11.04 | B80: SINAPI | C80: 101979 | D80: CHAPIM (RUFO CAPA) EM AÇO GALVANIZADO, CORTE 33. AF_11/2020 | E80: M | F80: 37.89 | G80: 147.1 | H80: 47.29 | I80: 6956.35 | J80: 0.0029513875 | L80: 6956.35
A81: 12 | D81: INSTALAÇÕES HIDROSSANITÁRIAS | I81: 106785.61 | J81: 0.04530619
D82: ESGOTO E PLUVIAL
A83: 12.01 | B83: SINAPI | C83: 93358 | D83: ESCAVAÇÃO MANUAL DE VALA COM PROFUNDIDADE MENOR OU IGUAL A 1,30 M. AF_02/2021 | E83: M3 | F83: 90.03 | G83: 24.744 | H83: 112.37 | I83: 2780.48 | J83: 0.001179681 | K83: =(28,21+13,03)*0,6*1 | L83: 2780.48
A84: 12.02 | B84: SINAPI | C84: 94319 | D84: ATERRO MANUAL DE VALAS COM SOLO ARGILO-ARENOSO E COMPACTAÇÃO MECANIZADA. AF_05/2016 | E84: M3 | F84: 81.15 | G84: 24.744 | H84: 101.29 | I84: 2506.31 | J84: 0.0010633582 | K84: =(28,21+13,03)*0,6*1 | L84: 2506.31
A85: 12.03 | B85: SINAPI | C85: 89711 | D85: TUBO PVC, SERIE NORMAL, ESGOTO PREDIAL, DN 40 MM, FORNECIDO E INSTALADO EM RAMAL DE DESCARGA OU RAMAL DE ESGOTO SANITÁRIO. AF_08/2022 | E85: M | F85: 22.5 | G85: 5.1 | H85: 28.08 | I85: 143.2 | J85: 6.0755812e-05 | L85: 143.2
A86: 12.04 | B86: SINAPI | C86: 89798 | D86: TUBO PVC, SERIE NORMAL, ESGOTO PREDIAL, DN 50 MM, FORNECIDO E INSTALADO EM PRUMADA DE ESGOTO SANITÁRIO OU VENTILAÇÃO. AF_08/2022 | E86: M | F86: 14.69 | G86: 4.49 | H86: 18.33 | I86: 82.3 | J86: 3.4917621e-05 | L86: 82.3
A87: 12.05 | B87: SINAPI | C87: 89714 | D87: TUBO PVC, SERIE NORMAL, ESGOTO PREDIAL, DN 100 MM, FORNECIDO E INSTALADO EM RAMAL DE DESCARGA OU RAMAL DE ESGOTO SANITÁRIO. AF_08/2022 | E87: M | F87: 40.02 | G87: 28.21 | H87: 49.95 | I87: 1409.08 | J87: 0.0005978338 | L87: 1409.08
A88: 12.06 | B88: SINAPI | C88: 89849 | D88: TUBO PVC, SERIE NORMAL, ESGOTO PREDIAL, DN 150 MM, FORNECIDO E INSTALADO EM SUBCOLETOR AÉREO DE ESGOTO SANITÁRIO. AF_08/2022 | E88: M | F88: 61.27 | G88: 13.03 | H88: 76.47 | I88: 996.4 | J88: 0.00042274505 | L88: 996.4
A89: 12.07 | B89: SINAPI | C89: 89802 | D89: JOELHO 45 GRAUS, PVC, SERIE NORMAL, ESGOTO PREDIAL, DN 50 MM, JUNTA ELÁSTICA, FORNECIDO E INSTALADO EM PRUMADA DE ESGOTO SANITÁRIO OU VENTILAÇÃO. AF_08/2022 | E89: UN | F89: 10.89 | G89: 4 | H89: 13.59 | I89: 54.36 | J89: 2.3063449e-05 | L89: 54.36
A90: 12.08 | B90: SINAPI | C90: 89851 | D90: JOELHO 45 GRAUS, PVC, SERIE NORMAL, ESGOTO PREDIAL, DN 100 MM, JUNTA ELÁSTICA, FORNECIDO E INSTALADO EM SUBCOLETOR AÉREO DE ESGOTO SANITÁRIO. AF_08/2022 | E90: UN | F90: 33.85 | G90: 4 | H90: 42.25 | I90: 169 | J90: 7.1702041e-05 | L90: 169
A91: 12.09 | B91: SINAPI | C91: 89855 | D91: JOELHO 45 GRAUS, PVC, SERIE NORMAL, ESGOTO PREDIAL, DN 150 MM, JUNTA ELÁSTICA, FORNECIDO E INSTALADO EM SUBCOLETOR AÉREO DE ESGOTO SANITÁRIO. AF_08/2022 | E91: UN | F91: 117.18 | G91: 2 | H91: 146.26 | I91: 292.52 | J91: 0.00012410817 | L91: 292.52
A92: 12.10 | B92: SINAPI | C92: 89724 | D92: JOELHO 90 GRAUS, PVC, SERIE NORMAL, ESGOTO PREDIAL, DN 40 MM, JUNTA SOLDÁVEL, FORNECIDO E INSTALADO EM RAMAL DE DESCARGA OU RAMAL DE ESGOTO SANITÁRIO. AF_08/2022 | E92: UN | F92: 10.86 | G92: 6 | H92: 13.55 | I92: 81.3 | J92: 3.4493349e-05 | L92: 81.3
A93: 12.11 | B93: SINAPI | C93: 89801 | D93: JOELHO 90 GRAUS, PVC, SERIE NORMAL, ESGOTO PREDIAL, DN 50 MM, JUNTA ELÁSTICA, FORNECIDO E INSTALADO EM PRUMADA DE ESGOTO SANITÁRIO OU VENTILAÇÃO. AF_08/2022 | E93: UN | F93: 10.08 | G93: 2 | H93: 12.58 | I93: 25.16 | J93: 1.0674694e-05 | L93: 25.16
A94: 12.12 | B94: SINAPI | C94: 89744 | D94: JOELHO 90 GRAUS, PVC, SERIE NORMAL, ESGOTO PREDIAL, DN 100 MM, JUNTA ELÁSTICA, FORNECIDO E INSTALADO EM RAMAL DE DESCARGA OU RAMAL DE ESGOTO SANITÁRIO. AF_08/2022 | E94: UN | F94: 28.62 | G94: 11 | H94: 35.72 | I94: 392.92 | J94: 0.00016670512 | L94: 392.92
A95: 12.13 | B95: SINAPI | C95: 89813 | D95: LUVA SIMPLES, PVC, SERIE NORMAL, ESGOTO PREDIAL, DN 50 MM, JUNTA ELÁSTICA, FORNECIDO E INSTALADO EM PRUMADA DE ESGOTO SANITÁRIO OU VENTILAÇÃO. AF_08/2022 | E95: UN | F95: 6.34 | G95: 6 | H95: 7.91 | I95: 47.46 | J95: 2.013597e-05 | L95: 47.46
A96: 12.14 | B96: SINAPI | C96: 89778 | D96: LUVA SIMPLES, PVC, SERIE NORMAL, ESGOTO PREDIAL, DN 100 MM, JUNTA ELÁSTICA, FORNECIDO E INSTALADO EM RAMAL DE DESCARGA OU RAMAL DE ESGOTO SANITÁRIO. AF_08/2022 | E96: UN | F96: 19.17 | G96: 16 | H96: 23.92 | I96: 382.72 | J96: 0.00016237754 | L96: 382.72
... A98: 12.16 | B98: SINAPI | C98: 89833 | D98: TE, PVC, SERIE NORMAL, ESGOTO PREDIAL, DN 100 X 100 MM, JUNTA ELÁSTICA, FORNECIDO E INSTALADO EM PRUMADA DE ESGOTO SANITÁRIO OU VENTILAÇÃO. AF_08/2022 | E98: UN | F98: 46.88 | G98: 1 | H98: 58.51 | I98: 58.51 | J98: 2.482418e-05 | L98: 58.51
D99: ÁGUA FRIA
A100: 12.18 | B100: SINAPI | C100: 89402 | D100: TUBO, PVC, SOLDÁVEL, DE 25MM, INSTALADO EM RAMAL DE DISTRIBUIÇÃO DE ÁGUA - FORNECIMENTO E INSTALAÇÃO. AF_06/2022 | E100: M | F100: 12.7 | G100: 26.4 | H100: 15.85 | I100: 418.44 | J100: 0.00017753256 | L100: 418.44
A101: 12.19 | B101: SINAPI | C101: 103978 | D101: TUBO, PVC, SOLDÁVEL, DE 40MM, INSTALADO EM RAMAL DE DISTRIBUIÇÃO DE ÁGUA - FORNECIMENTO E INSTALAÇÃO. AF_06/2022 | E101: M | F101: 26.83 | G101: 79.84 | H101: 33.48 | I101: 2673.04 | J101: 0.0011340972 | L101: 2673.04
A102: 12.20 | B102: SINAPI | C102: 103979 | D102: TUBO, PVC, SOLDÁVEL, DE 50MM, INSTALADO EM RAMAL DE DISTRIBUIÇÃO DE ÁGUA - FORNECIMENTO E INSTALAÇÃO. AF_06/2022 | E102: M | F102: 30.57 | G102: 16.56 | H102: 38.15 | I102: 631.76 | J102: 0.00026803835 | L102: 631.76
...

Sheet MC
A2: Obra
A3: Construção de prédio público destinado às gerências de Meio Ambiente, Infraestrutura e Agricultura
A4: MEMÓRIA DE CÁLCULO
A5: Ambientes - Dimensões e especificações
A6: Nome | B6: Código | C6: Perímetro | D6: Área | E6: Acabamento da parede | F6: Acabamento do piso | G6: Acabamento do forro | H6: Revestimento de parede
A7: Eng. Fiscal/Projetos | B7: 160 | C7: 14 | D7: 12 | E7: 1 | F7: 1 | G7: 2 | H7: =C7*3.1 -> 43.4
A8: Eng. Fiscal/Obras | B8: 161 | C8: 14 | D8: 12 | E8: 1 | F8: 1 | G8: 2 | H8: =C8*3.1 -> 43.4
A9: Setor de Habitação | B9: 162 | C9: 14 | D9: 12 | E9: 1 | F9: 1 | G9: 2 | H9: =C9*3.1 -> 43.4
A10: DEMUTRAN | B10: 163 | C10: 14 | D10: 12 | E10: 1 | F10: 1 | G10: 2 | H10: =C10*3.1 -> 43.4
A11: Gerência de Agricultura | B11: 172 | C11: 11.6 | D11: 8.4 | E11: 1 | F11: 1 | G11: 2 | H11: =C11*3.1 -> 35.96
A12: Dep. Patrimônio | B12: 174 | C12: 11.6 | D12: 8.4 | E12: 1 | F12: 1 | G12: 2 | H12: =C12*3.1 -> 35.96
A13: Dir. Agricultura (chiquinho) | B13: 176 | C13: 13.6 | D13: 11.2 | E13: 1 | F13: 1 | G13: 2 | H13: =C13*3.1 -> 42.16
A14: Lavanderia | B14: 180 | C14: 20.55 | D14: 22.51 | E14: 1 | F14: 1 | G14: 2 | H14: =C14*3.1 -> 63.705
A15: Área de circulação | B15: 185 | C15: 60.8 | D15: 55.23 | E15: 1 | F15: 1 | G15: 2 | H15: =C15*3.1 -> 188.48
A16: Encarregado de obras | B16: 193 | C16: 11.6 | D16: 8.4 | E16: 1 | F16: 1 | G16: 1 | H16: =C16*3.1 -> 35.96
A17: Limpeza Urbana | B17: 194 | C17: 11.6 | D17: 8.4 | E17: 1 | F17: 1 | G17: 1 | H17: =C17*3.1 -> 35.96
A18: Encarregado Mecânico | B18: 195 | C18: 11.6 | D18: 8.4 | E18: 1 | F18: 1 | G18: 1 | H18: =C18*3.1 -> 35.96
... A32: Depósito | B32: 216 | C32: 13.6 | D32: 11.2 | E32: 1 | F32: 1 | G32: 2 | H32: =C32*3.1 -> 42.16
B33: TOTAL | C33: =SUM(C7:C32) -> 415.55 | D33: =SUM(D7:D32) -> 356.16 | H33: =SUM(H7:H32) -> 1288.205
A34: WC | B34: 184 | C34: 6.6 | D34: 2.63 | E34: 2 | F34: 1 | G34: 2 | H34: =C34*3.1 -> 20.46
A35: Vestiário Masculino | B35: 206 | C35: 9.1 | D35: 5 | E35: 2 | F35: 1 | G35: 2 | H35: =C35*3.1 -> 28.21
A36: Vestiário Feminino | B36: 207 | C36: 9.1 | D36: 5 | E36: 2 | F36: 1 | G36: 2 | H36: =C36*3.1 -> 28.21
A37: Cozinha | B37: 213 | C37: 18.92 | D37: 19.46 | E37: 2 | F37: 1 | G37: 2 | H37: =C37*3.1 -> 58.652
A38: WC | B38: 217 | C38: 7.85 | D38: 3.78 | E38: 2 | F38: 1 | G38: 1 | H38: =C38*3.1 -> 24.335
A39: WC | B39: 218 | C39: 7.85 | D39: 3.78 | E39: 2 | F39: 1 | G39: 1 | H39: =C39*3.1 -> 24.335
A40: BOX 1 | B40: 219 | C40: 6.4 | D40: 2.44 | E40: 2 | F40: 1 | G40: 2 | H40: =C40*3.1 -> 19.84
A41: BOX 2 | B41: 220 | C41: 6.4 | D41: 2.44 | E41: 2 | F41: 1 | G41: 2 | H41: =C41*3.1 -> 19.84
A42: BOX 3 | B42: 221 | C42: 6.4 | D42: 2.44 | E42: 2 | F42: 1 | G42: 2 | H42: =C42*3.1 -> 19.84
B43: TOTAL | C43: =SUM(C34:C42) -> 78.62 | D43: =SUM(D34:D42) -> 46.97 | H43: =SUM(H34:H42) -> 243.722
B44: TOTAL GERAL | C44: =C43+C33 -> 494.17 | D44: =D43+D33 -> 403.13 | H44: =H43+H33 -> 1531.927
A47: =PO!D21 -> ESCAVAÇÃO MANUAL PARA BLOCO DE COROAMENTO OU SAPATA (INCLUINDO ESCAVAÇÃO PARA COLOCAÇÃO DE FÔRMAS). AF_06/2017 | B47: =PO!K21 -> 65,54+10,91
A48: =PO!D22 -> MONTAGEM DE ARMADURA DE ESTACAS, DIÂMETRO = 10,0 MM. AF_09/2021_PS | B48: =PO!K22 -> 440*3*0,617
A49: =PO!D23 -> MONTAGEM DE ARMADURA TRANSVERSAL DE ESTACAS DE SEÇÃO CIRCULAR, DIÂMETRO = 5,0 MM. AF_09/2021_PS | B49: =PO!K23 -> 34*88*0,154
A50: =PO!D24 -> ESTACA BROCA DE CONCRETO, DIÂMETRO DE 25CM, ESCAVAÇÃO MANUAL COM TRADO CONCHA, COM ARMADURA DE ARRANQUE. AF_05/2020 | B50: =PO!K24 -> 88*5
A51: =PO!D25 -> ESTACA BROCA DE CONCRETO, DIÂMETRO DE 30CM, ESCAVAÇÃO MANUAL COM TRADO CONCHA, COM ARMADURA DE ARRANQUE. AF_05/2020 | B51: =PO!K25 -> 15*5
A52: =PO!D26 -> ARMAÇÃO DE BLOCO, VIGA BALDRAME E SAPATA UTILIZANDO AÇO CA-60 DE 5 MM - MONTAGEM. AF_06/2017 | B52: =PO!K26 -> 651+195,5
A53: =PO!D27 -> ARMAÇÃO DE BLOCO, VIGA BALDRAME OU SAPATA UTILIZANDO AÇO CA-50 DE 8 MM - MONTAGEM. AF_06/2017 | B53: =PO!K27 -> 738,7+456,6
A54: =PO!D28 -> ARMAÇÃO DE BLOCO, VIGA BALDRAME OU SAPATA UTILIZANDO AÇO CA-50 DE 10 MM - MONTAGEM. AF_06/2017 | B54: =PO!K28 -> 119,7+10,4
A55: =PO!D29 -> IMPERMEABILIZAÇÃO DE SUPERFÍCIE COM EMULSÃO ASFÁLTICA, 2 DEMÃOS AF_06/2018 | B55: =PO!K29 -> 249,53+181,83
A56: =PO!D30 -> FABRICAÇÃO, MONTAGEM E DESMONTAGEM DE FÔRMA PARA VIGA BALDRAME, EM MADEIRA SERRADA, E=25 MM, 4 UTILIZAÇÕES. AF_06/2017 | B56: =PO!K30 -> 249,53+181,83
A57: =PO!D31 -> CONCRETO FCK = 25MPA, TRAÇO 1:2,2:2,5 (EM MASSA SECA DE CIMENTO/ AREIA MÉDIA/ SEIXO ROLADO) - PREPARO MECÂNICO COM BETONEIRA 400 L. AF_05/2021 | B57: =PO!K31 -> 65,54+10,91
A58: =PO!D32 -> LANÇAMENTO COM USO DE BALDES, ADENSAMENTO E ACABAMENTO DE CONCRETO EM ESTRUTURAS. AF_02/2022 | B58: =PO!K32 -> 65,54+10,91
A59: =PO!D34 -> ARMAÇÃO DE PILAR OU VIGA DE ESTRUTURA DE CONCRETO ARMADO EMBUTIDA EM ALVENARIA DE VEDAÇÃO UTILIZANDO AÇO CA-50 DE 8,0 MM - MONTAGEM. AF_06/2022 | B59: =PO!K34 -> 416,1+272,7+93,9+133
A60: =PO!D35 -> ARMAÇÃO DE PILAR OU VIGA DE ESTRUTURA DE CONCRETO ARMADO EMBUTIDA EM ALVENARIA DE VEDAÇÃO UTILIZANDO AÇO CA-50 DE 10,0 MM - MONTAGEM. AF_06/2022 | B60: =PO!K35 -> 703+2,3+131,6
A61: =PO!D36 -> ARMAÇÃO DE PILAR OU VIGA DE ESTRUTURA DE CONCRETO ARMADO EMBUTIDA EM ALVENARIA DE VEDAÇÃO UTILIZANDO AÇO CA-60 DE 5,0 MM - MONTAGEM. AF_06/2022 | B61: =PO!K36 -> 461,6+129,8+99,6+61,,8
A62: =PO!D37 -> FABRICAÇÃO DE FÔRMA PARA PILARES E ESTRUTURAS SIMILARES, EM CHAPA DE MADEIRA COMPENSADA RESINADA, E = 17 MM. AF_09/2020 | B62: =PO!K37 -> 395,12+116,73+84,23+56,72
A63: =PO!D38 -> LAJE PRÉ-MOLDADA UNIDIRECIONAL, BIAPOIADA, PARA FORRO, ENCHIMENTO EM CERÂMICA, VIGOTA CONVENCIONAL, ALTURA TOTAL DA LAJE (ENCHIMENTO+CAPA) = (8+3). AF_11/2020_PA | B63: =PO!K38 -> 67.81
A64: =PO!D39 -> CONCRETO FCK = 25MPA, TRAÇO 1:2,2:2,5 (EM MASSA SECA DE CIMENTO/ AREIA MÉDIA/ SEIXO ROLADO) - PREPARO MECÂNICO COM BETONEIRA 400 L. AF_05/2021 | B64: =PO!K39 -> 21,59+7+4,64+3,4
A65: =PO!D40 -> LANÇAMENTO COM USO DE BALDES, ADENSAMENTO E ACABAMENTO DE CONCRETO EM ESTRUTURAS. AF_02/2022 | B65: =PO!K40 -> 21,59+7+4,64+3,4
A66: =PO!D48 -> EXECUÇÃO E COMPACTAÇÃO DE ATERRO COM SOLO PREDOMINANTEMENTE ARENOSO - EXCLUSIVE SOLO, ESCAVAÇÃO, CARGA E TRANSPORTE. AF_11/2019 | B66: =PO!K48 -> 1250,77*0,12
A67: =PO!D52 -> TRANSPORTE COM CAMINHÃO BASCULANTE DE 10 M³, EM VIA URBANA PAVIMENTADA, ADICIONAL PARA DMT EXCEDENTE A 30 KM (UNIDADE: M3XKM). AF_07/2020 | B67: =PO!K52 -> incidência brita 0,58 '=(0,58*75,05+(0,58*0,08*9))*(106-30) (dmt navirai santa maria)
A68: =PO!D53 -> TRANSPORTE COM CAMINHÃO BASCULANTE DE 10 M³, EM VIA URBANA PAVIMENTADA, DMT ATÉ 30 KM (UNIDADE: M3XKM). AF_07/2020 | B68: =PO!K53 -> incidência brita 0,58 '=(0,58*75,05+(0,58*0,08*9))*30 (dmt navirai santa maria)
A69: =PO!D55 -> RODAPÉ CERÂMICO DE 7CM DE ALTURA COM PLACAS TIPO ESMALTADA DE DIMENSÕES 60X60CM. AF_02/2023 | B69: =PO!K55 -> 26,60+92+450,97
A70: =PO!D56 -> REVESTIMENTO CERÂMICO PARA PISO COM PLACAS TIPO PORCELANATO DE DIMENSÕES 60X60 CM APLICADA EM AMBIENTES DE ÁREA ENTRE 5 M² E 10 M². AF_02/2023_PE | B70: =PO!K56 -> 522.95
A71: =PO!D58 -> PINTURA COM TINTA ALQUÍDICA DE ACABAMENTO (ESMALTE SINTÉTICO ACETINADO) APLICADA A ROLO OU PINCEL SOBRE PERFIL METÁLICO EXECUTADO EM FÁBRICA (POR DEMÃO). AF_01/2020 | B71: =PO!K58 -> 334.86
A72: =PO!D59 -> APLICAÇÃO MANUAL DE PINTURA COM TINTA TEXTURIZADA ACRÍLICA EM SUPERFÍCIES INTERNAS DA SACADA DE EDIFÍCIOS DE MÚLTIPLOS PAVIMENTOS, UMA COR. AF_03/2024 | B72: =PO!K59 -> =3206,25-1288,2
A73: =PO!D83 -> ESCAVAÇÃO MANUAL DE VALA COM PROFUNDIDADE MENOR OU IGUAL A 1,30 M. AF_02/2021 | B73: =PO!K83 -> =(28,21+13,03)*0,6*1
A74: =PO!D84 -> ATERRO MANUAL DE VALAS COM SOLO ARGILO-ARENOSO E COMPACTAÇÃO MECANIZADA. AF_05/2016 | B74: =PO!K84 -> =(28,21+13,03)*0,6*1
A75: =PO!D156 -> SINAPI - 98307 - TOMADA DE REDE RJ45 - FORNECIMENTO E INSTALACAO. AF_08/2025 | B75: =PO!K156 -> Conforme projeto
A76: =PO!D157 -> TOMADA DUPLA PARA LOGICA RJ45 COMPLETA, CATEGORIA 6, COM TAMPA E SUPORTE - FORNECIMENTO E INSTALACAO | B76: =PO!K157 -> Conforme projeto
A77: =PO!D158 -> SINAPI - 98302 - PATCH PANEL 24 PORTAS, CATEGORIA 6 - FORNECIMENTO E INSTALACAO. AF_08/2025 | B77: =PO!K158 -> Conforme projeto
A78: =PO!D159 -> SWITCH EASY SMART GIGABIT 24 PORTAS TI SG 1024D TP-LINK CAT 6 - FORNECIMENTO E INSTALACAO | B78: =PO!K159 -> Conforme projeto
A79: =PO!D160 -> REGUA COM 12 TOMADAS 2P+T 250V., COM CABO TIPO FILTRO DE LINHA PARA RACK - FORNECIMENTO E INSTALACAO | B79: =PO!K160 -> Conforme projeto
A80: =PO!D161 -> SINAPI - 98299 - CABO ELETRONICO CATEGORIA 6A, INSTALADO EM EDIFICACAO INSTITUCIONAL - FORNECIMENTO E INSTALACAO. AF_08/2025 | B80: =PO!K161 -> =CONDULETE X 2
A81: =PO!D162 -> ELETRODUTO DE PVC RIGIDO ROSCAVEL DN 32MM (1"), APARENTE, INSTALADO EM PAREDES, INCL FIXADORES E CONEXOES, FORNECIMENTO E INSTALACAO | B81: =PO!K162 -> =132,62+(16*5)
A82: =PO!D166 -> JANELA DE ALUMÍNIO DE CORRER COM 4 FOLHAS PARA VIDROS, COM VIDROS, BATENTE, ACABAMENTO COM ACETATO OU BRILHANTE E FERRAGENS. EXCLUSIVE ALIZAR E CONTRAMARCO. FORNECIMENTO E INSTALAÇÃO. AF_12/2019 | B82: =PO!K166 -> =18+14,30
A83: =PO!D167 -> JANELA DE ALUMÍNIO DE CORRER COM 2 FOLHAS PARA VIDROS (VIDROS INCLUSOS), BATENTE/ REQUADRO 6 A 14 CM, ACABAMENTO COM ACETATO OU BRILHANTE, FIXAÇÃO COM PARAFUSO, SEM GUARNIÇÃO/ ALIZAR, DIMENSÕES 100X120 CM, VEDAÇÃO COM SILICONE, EXCLUSIVE CONTRAMARCO - FORNECIMENTO E INSTALAÇÃO. AF_11/2024 | B83: =PO!K167 -> =1,28+5,80

Sheet CPU
C2: Obra
C3: Construção de prédio público destinado às gerências de Meio Ambiente, Infraestrutura e Agricultura
C5: COMPOSIÇÕES UNITÁRIAS
A6: CPU | B6: CP-NH1 | C6: CHURRASQUEIRA E TIJOLO MACIÇO CONFORME PROJETO | D6: UN | E6: 5152.32
A7: COMPOSICAO | B7: 96536 | C7: FABRICAÇÃO, MONTAGEM E DESMONTAGEM DE FÔRMA PARA VIGA BALDRAME, EM MADEIRA SERRADA, E=25 MM, 4 UTILIZAÇÕES. AF_01/2024 | D7: M2 | E7: 0.68 | F7: 63.52 | G7: 43.19
A8: COMPOSICAO | B8: 94970 | C8: CONCRETO FCK = 20MPA, TRAÇO 1:2,7:3 (EM MASSA SECA DE CIMENTO/ AREIA MÉDIA/ BRITA 1) - PREPARO MECÂNICO COM BETONEIRA 600 L. AF_05/2021 | D8: M3 | E8: 0.2094 | F8: 477.83 | G8: 100.05
A9: COMPOSICAO | B9: 89998 | C9: ARMAÇÃO DE CINTA DE ALVENARIA ESTRUTURAL; DIÂMETRO DE 10,0 MM. AF_09/2021 | D9: KG | E9: 2.0978 | F9: 9.9 | G9: 20.76
A10: COMPOSICAO | B10: 89995 | C10: GRAUTEAMENTO DE CINTA SUPERIOR OU DE VERGA EM ALVENARIA ESTRUTURAL. AF_09/2021 | D10: M3 | E10: 0.068 | F10: 1037.75 | G10: 70.56
A11: COMPOSICAO | B11: 88628 | C11: ARGAMASSA TRAÇO 1:3 (EM VOLUME DE CIMENTO E AREIA MÉDIA ÚMIDA), PREPARO MECÂNICO COM BETONEIRA 400 L. AF_08/2019 | D11: M3 | E11: 0.3761 | F11: 586.39 | G11: 220.54
A12: COMPOSICAO | B12: 88316 | C12: SERVENTE COM ENCARGOS COMPLEMENTARES | D12: H | E12: 57.5328 | F12: 22.76 | G12: 1309.44
A13: COMPOSICAO | B13: 88309 | C13: PEDREIRO COM ENCARGOS COMPLEMENTARES | D13: H | E13: 73.2232 | F13: 28.5 | G13: 2086.86
A14: COMPOSICAO | B14: 87316 | C14: ARGAMASSA TRAÇO 1:4 (EM VOLUME DE CIMENTO E AREIA GROSSA ÚMIDA) PARA CHAPISCO CONVENCIONAL, PREPARO MECÂNICO COM BETONEIRA 400 L. AF_08/2019 | D14: M3 | E14: 0.1152 | F14: 501.7 | G14: 57.79
A15: INSUMO | B15: 7258 | C15: TIJOLO CERAMICO MACICO COMUM DE *5 X 10 X 20* CM (L X A X C) | D15: UN | E15: 1867.3048 | F15: 0.66 | G15: 1232.42
A16: INSUMO | B16: 6193 | C16: TABUA NAO APARELHADA *2,5 X 20* CM, EM MACARANDUBA/MASSARANDUBA, ANGELIM OU EQUIVALENTE DA REGIAO - BRUTA | D16: M | E16: 0.4692 | F16: 19.61 | G16: 9.2
A17: INSUMO | B17: 5069 | C17: PREGO DE ACO POLIDO COM CABECA 17 X 27 (2 1/2 X 11) | D17: KG | E17: 0.0133 | F17: 20.68 | G17: 0.27
A18: INSUMO | B18: 4517 | C18: SARRAFO *2,5 X 7,5* CM EM PINUS, MISTA OU EQUIVALENTE DA REGIAO - BRUTA | D18: M | E18: 0.1496 | F18: 2.4 | G18: 0.35
... A20: INSUMO | B20: 2692 | C20: DESMOLDANTE PROTETOR PARA FORMAS DE MADEIRA, DE BASE OLEOSA EMULSIONADA EM AGUA | D20: L | E20: 0.0058 | F20: 5.7 | G20: 0.03
F21: TOTAL | G21: 5152.32
